 Dungeon Crawl Stone Soup version 0.25-a0-1130-g3926558f3a (webtiles) character file.

Game seed: 4980663620369261143, levelgen mode: deterministic

2000 MisterFreud the Nimble (level 9, -1/62 HPs)
             Began as an Octopode Gladiator on May 19, 2020.
             Slain by a steam dragon (12 damage)
             ... on level 6 of the Dungeon.
             The game lasted 00:08:46 (8193 turns).

MisterFreud the Nimble (Octopode Gladiator)         Turns: 8193, Time: 00:08:47

Health: -1/62      AC:  2    Str: 14      XL:     9   Next: 22%
Magic:  9/9        EV: 17    Int: 13      God:
Gold:   199        SH:  0    Dex: 12 (13) Spells: 8/8 levels left

rFire    . . .     SeeInvis .   a - +0 long sword
rCold    . . .     Gourm    .   (no shield)
rNeg     . . .     Faith    .   b - +1 hat
rPois    .         Spirit   .   (no amulet)
rElec    .         Reflect  .   G - ring of teleportation
rCorr    .         Harm     .   (no ring)
MR       .....     Rnd*Tele +   (no ring)
Stlth    ++........             (no ring)
HPRegen  0.20/turn              (no ring)
MPRegen  0.11/turn              (no ring)
                                (no ring)
                                (no ring)

@: no status effects
A: almost no armour, stealthy swim, amphibious, 8 rings, constrict 8, camouflage
1, gelatinous body 1
a: no special abilities


You were on level 6 of the Dungeon.
You were not hungry.

You visited 2 branches of the dungeon, and saw 7 of its levels.
You also visited: Ossuary.

You collected 389 gold pieces.
You spent 190 gold pieces at shops.

Inventory:

Hand Weapons
 a - a +0 long sword (weapon)
Missiles
 c - 3 throwing nets (quivered)
 p - 12 poisoned darts
 u - 11 boomerangs
Armour
 b - a +1 hat (worn)
Jewellery
 q - an uncursed amulet of regeneration
 G - a ring of teleportation (left tentacle)
Wands
 s - a wand of disintegration (12)
 z - a wand of enslavement (3)
 A - a wand of flame (17)
Scrolls
 f - 3 scrolls of teleportation
 h - a scroll of noise {unknown}
 j - 3 scrolls of remove curse
 l - 2 scrolls of immolation
 n - a scroll of enchant armour
 o - 2 scrolls of amnesia
 t - a scroll of enchant weapon {unknown}
 y - a scroll of magic mapping {unknown}
 C - a scroll of fog {unknown}
Potions
 e - 6 potions of invisibility
 g - a potion of stabbing {unknown}
 k - 4 potions of curing
 m - 2 potions of mutation
 r - 6 potions of degeneration
 v - a potion of brilliance {unknown}
 w - 2 potions of flight
 x - 2 potions of haste
 B - a potion of ambrosia {unknown}
 D - 2 potions of cancellation {unknown}
 E - a potion of might
 F - a potion of lignification
Comestibles
 d - 13 rations


   Skills:
 - Level 6.0 Fighting
 + Level 7.9 Long Blades
 - Level 2.0 Throwing
 - Level 8.0 Dodging


You had 8 spell levels left.
You didn't know any spells.
Your spell library contained the following spells:

 Spells                   Type           Power        Failure   Level  Hunger
 Animate Skeleton         Necr           N/A          30%         1    ##.....
 Apportation              Tloc           #.....       30%         1    ##.....
 Corona                   Hex            #......      30%         1    ##.....
 Summon Small Mammal      Summ           #...         30%         1    ##.....


Dungeon Overview and Level Annotations

Branches:
Dungeon (6/15)             Temple (1/1) D:5         Ossuary (visited)

Altars:
Ashenzari
Fedhas
Gozag
Makhleb
Nemelex Xobeh
Okawaru
Qazlal
Ru
Trog
Uskayaw
Vehumet
Wu Jian
Zin
The Shining One

Shops:
D:5 *

Annotations:
D:6 5 runed translucent doors


Innate Abilities, Weirdness & Mutations

You cannot wear most types of armour.
You are very stealthy in the water. (Stealth+)
You are amphibious.
You can wear up to eight rings at the same time.
You can use your tentacles to constrict eight enemies at once.
Your skin changes colour to match your surroundings (Stealth+).
Your rubbery body absorbs attacks. (AC +1, EV +1)


Message History

You are too injured to fight recklessly!
The steam dragon bites you!
* * * LOW HITPOINT WARNING * * *
The steam dragon barely misses you.
You closely miss the steam dragon.
You squeeze the steam dragon, but do no damage.
The steam dragon is severely wounded.
The steam dragon barely misses you.
You riposte.
You completely miss the steam dragon.
You squeeze the steam dragon, but do no damage.
The steam dragon is severely wounded.
The steam dragon claws you.
* * * LOW HITPOINT WARNING * * *
You closely miss the steam dragon.
The steam dragon is severely wounded.
The steam dragon misses you. The steam dragon completely misses you.
You hit the steam dragon but do no damage.
The steam dragon is severely wounded.
The steam dragon bites you!
You die...

##########..#...#.##
#..................#
#.####.............#
#.........(.÷.#
###....#........#
#....<..........#
#...§.........>.#
#...............#
#..§@....########
#...D....#
###.###### #.# #.#
..# ###


You could see a steam dragon.

Vanquished Creatures
  Eustachio (D:5)
  Menkaure (Ossuary)
  2 sky beasts
  A black bear (D:5)
  A phantom (D:5)
  An ogre (D:5)
  2 centaurs
  Blork the orc (D:5)
  A bullfrog (D:6)
  2 howler monkeys
  5 centaur zombies
  A quasit (D:6)
  3 hounds
  A jelly (D:3)
  A centaur skeleton (D:6)
  2 orc priests
  Ijyb (D:5)
  3 worker ants (D:5)
  3 orc wizards
  Terence (D:2)
  An ogre zombie (Ossuary)
  6 mummies (Ossuary)
  4 gnolls (D:3)
  5 adders
  3 shadow imps (D:5)
  4 adder zombies (Ossuary)
  An ooze (D:5)
  5 worms
  A dart slug (D:1)
  3 leopard geckos
  13 orcs
  5 bats
  3 giant cockroaches
  A gnoll zombie (Ossuary)
  5 goblins
  7 hobgoblins
  3 jackals (D:1)
  6 kobolds
  3 quokkas
  4 frilled lizards
  5 goblin zombies (Ossuary)
  4 hobgoblin zombies (Ossuary)
  4 kobold zombies (Ossuary)
  A leopard gecko skeleton (D:4)
  A leopard gecko zombie (D:5)
  3 quokka zombies (Ossuary)
  7 rats
  4 rat zombies (Ossuary)
146 creatures vanquished.

Notes
Turn   | Place    | Note
-------+----------+-------------------------------------------
     0 | D:1      | MisterFreud the Octopode Gladiator began the quest for the
                  | Orb.
     0 | D:1      | Reached XP level 1. HP: 14/14 MP: 1/1
   200 | D:1      | Reached XP level 2. HP: 16/20 MP: 2/2
   874 | D:2      | Reached XP level 3. HP: 26/26 MP: 3/3
  1360 | D:2      | Noticed Terence
  1367 | D:2      | Killed Terence
  1367 | D:2      | Reached XP level 4. HP: 33/33 MP: 4/4
  1932 | D:3      | Reached XP level 5. HP: 24/37 MP: 5/5
  2277 | D:3      | Noticed a sky beast
  2288 | D:3      | Killed a sky beast
  2288 | D:3      | Reached skill level 5 in Long Blades
  2455 | D:3      | Reached XP level 6. HP: 42/43 MP: 6/6
  3045 | D:4      | Found a blossoming altar of Fedhas.
  3132 | D:4      | Reached skill level 4 in Dodging
  3449 | D:4      | Noticed a moth of wrath
  3455 | D:4      | Reached XP level 7. HP: 34/48 MP: 7/7
  3564 | D:4      | Found a bloodstained altar of Trog.
  3920 | D:5      | Entered Level 5 of the Dungeon
  3954 | D:5      | Found a sand-covered staircase.
  3955 | D:5      | Noticed Ijyb
  3963 | D:5      | Killed Ijyb
  3969 | Ossuary  | Entered an ossuary
  3974 | Ossuary  | Reached skill level 5 in Dodging
  4992 | Ossuary  | Noticed Menkaure
  5034 | Ossuary  | Killed Menkaure
  5034 | Ossuary  | Reached skill level 6 in Dodging
  5481 | Ossuary  | Reached XP level 8. HP: 41/54 MP: 8/8
  5657 | Ossuary  | Reached skill level 7 in Dodging
  5710 | D:5      | Found a shattered altar of Ashenzari.
  5894 | D:5      | Found a staircase to the Ecumenical Temple.
  5920 | Temple   | Entered the Ecumenical Temple
  6361 | D:5      | Found an iron altar of Okawaru.
  6466 | D:5      | Noticed Blork the orc
  6467 | D:5      | Noticed Eustachio
  6484 | D:5      | Killed Eustachio
  6484 | D:5      | Reached skill level 8 in Dodging
  6490 | D:5      | Killed Blork the orc
  6982 | D:5      | Found Juesch's Assorted Antiques.
  6985 | D:5      | Bought an emerald potion for 25 gold pieces
  6985 | D:5      | Bought a murky brown potion for 25 gold pieces
  6985 | D:5      | Bought a pearl ring for 140 gold pieces
  7042 | D:5      | Reached skill level 5 in Fighting
  7340 | D:5      | Reached XP level 9. HP: 47/61 MP: 9/9
  7550 | D:6      | Found an ornate altar of the Wu Jian Council.
  7576 | D:6      | Found the +9 staff of Olgreb {rPois∞}
  7592 | D:6      | Found a runed translucent door.
  7625 | D:6      | Found a runed translucent gate.
  7625 | D:6      | Found a runed translucent gate.
  7626 | D:6      | Found a runed translucent door.
  7715 | D:6      | Found a runed translucent gate.
  7887 | D:6      | Found a radiant altar of Vehumet.
  8193 | D:6      | Slain by a steam dragon

Illustrated notes

Levels and vault maps discovered:
D:1:      shiori_arrival_elements, layout_basic
D:2:      layout_loops_cross, chequers_serial_rivers_micro_d, uniq_terence
D:3:      layout_basic
D:4:      layout_basic, tgw_trog, first_ration, fedhas_bush_and_centaur_altar
D:5:      minmay_razor_zed, layout_rooms, cheibrodos_ashenzari_chains,
          minmay_temple_entry_slanted, basic_altar, serial_shops,
          nicolae_shop_behind_doors, nicolae_ossuary_entry_monument, uniq_ijyb,
          uniq_eustachio, uniq_blork_the_orc
D:6:      layout_basic, kennysheep_mini, lemuel_round_altar,
          minmay_guarded_unrand_staff_of_olgreb
Temple:   compressed_dpeg_triangle_lava_temple

Skill      XL: |  1  2  3  4  5  6  7  8  9 |
---------------+----------------------------+-----
Fighting       | 3 4 5 6 |  6.0
Long Blades    | 4 5 6 7 |  7.9
Dodging        | 4 6 8 |  8.0
Throwing       | |  2.0

Action                   |  1- 3 |  4- 6 |  7- 9 || total
-------------------------+-------+-------+-------++-------
Melee: Long sword        |    37 |    69 |   239 ||   345
       Constrict         |    16 |    21 |    53 ||    90
       Tentacles         |     7 |    17 |    71 ||    95
Evoke: Wand              |       |       |     2 ||     2
  Use: Scroll            |       |       |    12 ||    12
 Stab: Sleeping          |     3 |     6 |    17 ||    26
       Distracted        |       |       |     1 ||     1
  Eat: Chunk             |     1 |     7 |    12 ||    20
       Ration            |       |       |     1 ||     1
Armor: Skin              |     4 |     3 |     7 ||    14
Dodge: Dodged            |    38 |    50 |   159 ||   247
       Rpst.: Long sword |    11 |    11 |    38 ||    60

Table legend:
 A = Non-vault XP
 B = Vault XP
 C = Vault XP percentage of total XP
 D = Non-vault monster count
 E = Vault monster count
 F = Vault count percentage of total count
                 A         B        C        D         E       F
            +---------+---------+-------+---------+---------+-------
      Total |    1502 |    1356 |  47.4 |      94 |      52 |  35.6
            +---------+---------+-------+---------+---------+-------
        D:1 |      24 |       0 |   0.0 |      13 |       0 |   0.0
        D:2 |      35 |      32 |  47.8 |      15 |       1 |   6.2
        D:3 |     291 |       0 |   0.0 |      22 |       0 |   0.0
        D:4 |     139 |     125 |  47.3 |       7 |       4 |  36.4
        D:5 |     685 |     664 |  49.2 |      22 |      10 |  31.2
        D:6 |     328 |       0 |   0.0 |      15 |       0 |   0.0
    Ossuary |       0 |     535 | 100.0 |       0 |      37 | 100.0
            +---------+---------+-------+---------+---------+-------
